 Dungeon Crawl Stone Soup version 0.31.0-32-g396128a36d (webtiles) character file.

Game seed: 16721842232440036224

1740 KKCryptic the Cudgeller (level 9, -6/88 HPs)
             Began as an Oni Gladiator on Mar 25, 2024.
             Was a Follower of Okawaru.
             Mangled by a two-headed ogre
             ... wielding a +0 giant spiked club
              (27 damage)
             ... on level 7 of the Dungeon.
             The game lasted 00:20:13 (6274 turns).

KKCryptic the Cudgeller (Oni Gladiator)             Turns: 6274, Time: 00:20:14

Health: -6/88      AC:  4    Str: 24    XL:     9   Next: 5%
Magic:  13/13      EV: 10    Int: 11    God:    Okawaru [*.....]
Gold:   220        SH:  0    Dex: 10    Spells: 13/14 levels left

rFire   . . .        y - +3 flail of Greed {flame, Int+2}
rCold   . . .        (no shield)
rNeg    . . .        b - +1 robe
rPois   .            c - +0 hat
rElec   .            (no cloak)
rCorr   .            (gloves unavailable)
SInv    .            (boots unavailable)
Will    .....        (no amulet)
Stlth   +            v - ring of flight
HPRegen 0.34/turn    (no ring)
MPRegen 0.13/turn

%: no passive effects
@: confused, lethally poisoned (-6 -> -8), ambrosia-drunk, flying
A: large, unfitting armour, horns 1, tough skin 1, double potion healing,
drunken brawling
a: Renounce Religion, Heroism


You were on level 7 of the Dungeon.
You worshipped Okawaru.
Okawaru was aware of your devotion.
You visited 2 branches of the dungeon, and saw 8 of its levels.
You also visited: Sewer.

You collected 353 gold pieces.
You spent 133 gold pieces at shops.

Inventory:

Hand Weapons
 y - the +3 flail of Greed (weapon) {flame, Int+2}
   (You found it on level 6 of the Dungeon)

   Int+2:     It affects your intelligence (+2).
 A - a +1 giant spiked club
Missiles
 d - 3 throwing nets
 f - 4 atropa-tipped darts
 g - 8 poisoned darts
 j - 4 boomerangs
 p - 5 javelins
Armour
 b - a +1 robe (worn)
 c - a +0 hat (worn)
Jewellery
 v - a ring of flight (left hand)
Wands
 w - a wand of flame (20)
Scrolls
 h - 2 scrolls of amnesia
 k - a scroll of immolation
 o - 4 scrolls of teleportation
 u - a scroll of identify
 x - a scroll of enchant armour
Potions
 a - a potion of magic
 e - a potion of berserk rage {unknown}
 i - a potion of cancellation
 l - 3 potions of lignification
 m - a potion of resistance
 n - 3 potions of mutation
 r - 2 potions of might
 s - a potion of ambrosia
 t - a potion of invisibility {unknown}
 z - 2 potions of brilliance {unknown}
 B - a potion of haste {unknown}


   Skills:
 - Level 5.0 Fighting
 + Level 6.8 Maces & Flails
 - Level 5.0 Throwing
 - Level 3.0 Dodging
 - Level 3.0 Stealth
 - Level 3.0 Spellcasting
 - Level 2.0 Translocations
 + Level 4.3 Invocations
 + Level 2.3 Evocations


You had 13 spell levels left.
You knew the following spells:

 Your Spells              Type           Power      Damage    Failure   Level
a - Apportation           Tloc           12%        N/A       12%         1

Your spell library contained the following spells:

 Spells                   Type           Power      Damage    Failure   Level
 Gell's Gravitas          Tloc           6%         N/A       34%         3
 Teleport Other           Tloc           6%         N/A       34%         3
 Ensorcelled Hibernation  Hex/Ice        2%         N/A       36%         2
 Jinxbite                 Hex            2%         N/A       36%         2
 Fugue of the Fallen      Necr           1%         N/A       61%         3
 Ozocubu's Armour         Ice            1%         N/A       61%         3
 Manifold Assault         Tloc           6%         N/A       75%         4
 Anguish                  Hex/Necr       0%         N/A       95%         4
 Alistair's Intoxication  Alch           0%         N/A       100%        5
 Dispersal                Tloc           3%         N/A       100%        6


Dungeon Overview and Level Annotations

Branches:
Dungeon (7/15)             Temple (1/1) D:4           Sewer (visited)

Altars:
Elyvilon
Fedhas
Gozag
Kikubaaqudgha
Makhleb
Nemelex Xobeh
Okawaru
Qazlal
Ru
Trog
Uskayaw
Vehumet
Wu Jian
Xom
Yredelemnul
The Shining One

Shops:
D:3 [?=*   D:4 *   D:6 (

Annotations:
D:4 2 transporters, LegendsAlwaysDI3's ghost, novice HOFi
D:6 1 runed translucent door, bigdog255's ghost, novice SpSu


Innate Abilities, Weirdness & Mutations

You are too large for most types of armour.
You have a pair of small horns on your head.
You have tough skin. (AC +1)
You gain doubled healing and magic from potions.
Whenever you drink a healing potion, you attack all around you.


Message History

You throw a boomerang.
The boomerang barely misses the two-headed ogre.
Okay, then.
You completely miss the two-headed ogre.
The two-headed ogre is moderately wounded.
The water moccasin closely misses you. The water moccasin bites you.
You are poisoned.
The water moccasin poisons you!
The two-headed ogre completely misses you.
The two-headed ogre barely misses you.
You closely miss the two-headed ogre.
The two-headed ogre is moderately wounded.
You feel very sick. The water moccasin bites you!
You barely miss the two-headed ogre.
The two-headed ogre is heavily wounded.
You feel very sick. The water moccasin bites you.
The two-headed ogre hits you with a +0 giant spiked club. x2
The water moccasin bites you.
You hit the two-headed ogre but do no damage.
Your punch misses the two-headed ogre.
The two-headed ogre is heavily wounded.
You feel sick. The water moccasin bites you.
The two-headed ogre hits you with a +0 giant spiked club!
The two-headed ogre hits you with a +0 giant spiked club!!
* * * LOW HITPOINT WARNING * * *
The water moccasin bites you.
* * * LOW HITPOINT WARNING * * *
You take a swig of the potion and twirl the +3 flail of Greed {flame, Int+2}.
You thump the water moccasin! You burn the water moccasin.
You headbutt the water moccasin!
The water moccasin is severely wounded.
You hit the two-headed ogre. You burn the two-headed ogre.
The two-headed ogre is heavily wounded.
You are confused.
You savour every drop.
You feel invigorated.
You feel sick.
The water moccasin completely misses you.
The two-headed ogre hits you with a +0 giant spiked club!!
You die...

#............... .#######....
#.............. ..#..........
#....##.##...##...#..........
#....##.##...##...#..........
.......#...........#...>..####
........#...........#......#...
.##.... #...........########...
#.. ####...##... #.........
#..@##...##....#####
......OS...........#....
.............###'###....
.....(:.......#..........
....(.........#..........
..............#..........
...(.....$....#..........
...##...####.#..........
###.......#


You could see a two-headed ogre (very poisoned) and a water moccasin.

Vanquished Creatures
  A hornet (D:7)
  Sigmund (D:3)
  Menkaure (D:5)
  2 water moccasins
  An orc warrior (D:6)
  A black bear (D:7)
  Pargi (Sewer)
  2 ogres (D:4)
  A brain worm (Sewer)
  2 scorpions (D:6)
  A jelly (D:7)
  A bombardier beetle (D:6)
  2 hounds (D:5)
  A sleepcap (D:6)
  3 iguanas
  3 gnolls (D:4)
  6 adders
  A ribbon worm (D:3)
  3 dart slugs
  5 orcs
  5 bats
  8 endoplasms
  4 giant cockroaches
  7 goblins
  8 hobgoblins
  7 jackals
  6 quokkas
  8 ball pythons
  5 frilled lizards
  7 kobolds
  7 rats
111 creatures vanquished.

Notes
Turn   | Place    | Note
-------+----------+-------------------------------------------
     0 | D:1      | KKCryptic the Oni Gladiator began the quest for the Orb.
     0 | D:1      | Reached XP level 1. HP: 22/22 MP: 1/1
   129 | D:1      | Reached XP level 2. HP: 29/29 MP: 2/2
   386 | D:1      | Reached skill level 1 in Spellcasting
   460 | D:1      | Reached XP level 3. HP: 37/37 MP: 4/4
  2102 | D:3      | Reached XP level 4. HP: 45/45 MP: 6/6
  2108 | D:3      | Noticed Sigmund
  2121 | D:3      | Killed Sigmund
  2122 | D:3      | Reached skill level 1 in Stealth
  2122 | D:3      | Reached skill level 1 in Translocations
  2122 | D:3      | Reached XP level 5. HP: 19/53 MP: 6/8
  2276 | D:3      | Reached XP level 6. HP: 61/61 MP: 9/9
  2385 | D:3      | Reached skill level 4 in Maces & Flails
  2392 | D:3      | Found Reenemi's General Store.
  2407 | D:3      | Bought a scroll of identify for 24 gold pieces
  2407 | D:3      | Bought a scroll of revelation for 90 gold pieces
  2472 | D:3      | Found a stormy altar of Qazlal.
  2506 | D:3      | Found Givanuru's Magic Scroll Boutique.
  2515 | D:3      | Found Riules's Jewellery Boutique.
  2559 | D:3      | Found Eho Gyth's Antique Armour Emporium.
  3008 | D:4      | Found Zaihen's Mass Market.
  3027 | D:4      | Found a glowing drain.
  3036 | Sewer    | Entered a sewer
  3070 | Sewer    | Noticed Pargi
  3091 | Sewer    | Killed Pargi
  3351 | D:4      | Bought a +0 giant spiked club for 19 gold pieces
  3364 | D:4      | Found an iron altar of Okawaru.
  3388 | D:4      | Reached XP level 7. HP: 64/67 MP: 11/11
  3389 | D:4      | Became a worshipper of Warmaster Okawaru
  3413 | D:4      | You are sucked into a shaft and drop 3 floors!
  3495 | D:7      | Found a bloodstained altar of Trog.
  3528 | D:6      | Noticed bigdog255's ghost (novice SpSu)
  3557 | D:6      | Found Ohuroogo's Weapon Shop.
  3677 | D:6      | Reached skill level 5 in Maces & Flails
  3700 | D:6      | Learned a level 1 spell: Apportation
  3727 | D:5      | Entered Level 5 of the Dungeon
  3993 | D:4      | Found a staircase to the Ecumenical Temple.
  3999 | Temple   | Entered the Ecumenical Temple
  4045 | D:4      | Found a white marble altar of Elyvilon.
  4107 | D:4      | Found a transporter.
  4108 | D:4      | Found a transporter.
  4125 | D:4      | Noticed LegendsAlwaysDI3's ghost (novice HOFi)
  4247 | D:4      | Found a shimmering altar of Xom.
  4438 | D:5      | Reached skill level 5 in Throwing
  4438 | D:5      | Reached XP level 8. HP: 73/75 MP: 12/12
  4586 | D:5      | Noticed Menkaure
  4595 | D:5      | Killed Menkaure
  4596 | D:5      | Reached skill level 1 in Invocations
  4650 | D:5      | Reached * piety under Okawaru
  4653 | D:5      | Found a radiant altar of Vehumet.
  4946 | D:5      | Found a basalt altar of Yredelemnul.
  4949 | D:5      | Found a hide-covered altar of Uskayaw.
  4953 | D:5      | Found a sparkling altar of Nemelex Xobeh.
  4996 | D:6      | Reached skill level 6 in Maces & Flails
  5102 | D:6      | Found a runed translucent door.
  5346 | D:6      | Identified the +3 flail of Greed {flame, Int+2}
  5604 | D:6      | Reached skill level 1 in Evocations
  5903 | D:7      | Reached skill level 5 in Fighting
  5930 | D:7      | Noticed a hornet
  5934 | D:7      | Paralysed by a hornet for 3 turns
  5941 | D:7      | Paralysed by a hornet for 1 turns
  5943 | D:7      | Killed a hornet
  5943 | D:7      | Reached ** piety under Okawaru
  5944 | D:7      | Reached XP level 9. HP: 14/88 MP: 13/13
  6264 | D:7      | Noticed a two-headed ogre
  6274 | D:7      | Mangled by a two-headed ogre

Illustrated notes

Levels and vault maps discovered:
D:1:      mrwooster_arrival_statue_2, layout_loops_ring, nicolae_hexahallways,
          minmay_misc_feat_five, minmay_misc_feat_pillars,
          minmay_misc_feat_roman, minmay_misc_feat_encased, minmay_pentomino_x2
D:2:      layout_basic, kennysheep_minor_cross
D:3:      layout_basic, marbit_many_paths, serial_aquarium,
          aquarium_bridge_long_separate [aquarium_subvault_bridge,
          aquarium_subvault_balcony, aquarium_subvault_window,
          aquarium_subvault_window, aquarium_subvault_bridge,
          aquarium_subvault_bridge], aquarium_window_3, aquarium_window_1,
          aquarium_window_corner, aquarium_view_2e, aquarium_balcony_3b,
          aquarium_pool_four, serial_shops, shop,
          nicolae_shop_tiny_real_fake_doors, shop, shop, uniq_sigmund
D:4:      layout_cave_pools, xom_butterflies, okawaru_metal_pillars_1_2,
          old_standard_altar, minmay_temple_entry_nine_rooms,
          mainiacjoe_sewer_entry_somewhere_in_here_1,
          gammafunk_ghost_gnarly_gnolls, minmay_shop_mass
D:5:      layout_rooms, vehumet_crystals, grunt_temple_overflow_diamond,
          serial_corexii_hall, corexii_hall_statues_t, corexii_hall_statues_s,
          kennysheep_generic_room_13, uniq_menkaure
D:6:      layout_gridville, hellmonk_ghost_happy_afterlife, serial_shops, shop,
          grunt_decor_cap
D:7:      layout_gridville, mainiacjoe_overflow_catwalk,
          mainiacjoe_overflow_alcove_2, mainiacjoe_overflow_small_starburst,
          minivault_22, guppyfry_shop_venom
Temple:   nicolae_temple_little_seven

Skill      XL: |  1  2  3  4  5  6  7  8 |
---------------+-------------------------+-----
Fighting       | 3 5 |  5.0
Spellcasting   | 1 2 3 |  3.0
Dodging        | 3 |  3.0
Throwing       | 3 5 |  5.0
Stealth        | 1 2 3 |  3.0
Translocations | 1 2 |  2.0
Maces & Flails | 4 5 6 |  6.8
Invocations    | 4 |  4.3
Evocations     | 2 |  2.3

Action                     |  1- 3 |  4- 6 |  7- 9 || total
---------------------------+-------+-------+-------++-------
  Melee: Flail             |   110 |    76 |   118 ||   304
         Headbutt          |    15 |    10 |    28 ||    53
         Punch             |       |     1 |     1 ||     2
  Throw: Large rock        |     2 |     3 |     9 ||    14
         Dart              |       |       |    12 ||    12
         Boomerang         |       |       |     4 ||     4
    Use: Scroll            |     5 |     2 |    13 ||    20
         Potion            |       |     1 |     5 ||     6
   Stab: Sleeping          |     1 |     4 |     1 ||     6
         Distracted        |     1 |       |       ||     1
 Armour: Robe              |    87 |    70 |   114 ||   271
  Dodge: Dodged            |    67 |    54 |    58 ||   179
